AoeStats
← newats2007

African Clearing

510368264Analyzed
4v4 RM · 2d ago on Sep 30, 2026· 59m 46s· 8 players
Game mode
Random Map
Map size
Large (8 player)
Population
200
Speed
Normal
Resources
Standard
Victory
Conquest
Starting age
Dark Age
Ending age
Imperial Age
RankedLock teamsTeams togetherTeam positionsShared explorationLock speedFull tech treeHidden civsTurbo modeCheats
Victory
Defeat
🇫🇮 Lithuanians · Finland
1260
+14
🇬🇧 Mongols · United Kingdom
1250
+15
🇵🇱 Vietnamese · Poland
1236
+15
🇩🇪 Franks · Germany
1184
+18
🇮🇳 Khmer · India
1267
-17
🇹🇼 Varangians · Taiwan
1260
-17
🇮🇳 Bulgarians · India
1213
-15
🇹🇼 Italians · Taiwan
1158
-13
newats2007
2:56 Loom
12:16 Feudal Age
17:51 Castle Age
28:29 Double-Bit Axe
28:30 Horse Collar
30:30 Wheelbarrow
35:05 Imperial Age
33:28 Forging
33:09 Fletching
33:51 Padded Archer Armor
34:32 Iron Casting
34:23 Ballistics
35:15 Bodkin Arrow
36:13 Hand Cart
39:06 Blast Furnace
38:06 Bracer
41:50 Chemistry
41:58 Town Watch
43:12 Double Crossbow
43:40 Caravan
44:19 Leather Archer Armor
44:00 Heavy Scorpion
46:37 Siege Engineers
46:55 Conscription
47:44 Bracer
48:15 Ring Archer Armor
47:56 Scale Barding Armor
47:53 Scale Mail Armor
49:10 Light Cavalry
49:51 Hussar
50:42 Bloodlines
50:32 Husbandry
50:50 Bloodlines
52:52 Chain Barding Armor
52:47 Chain Mail Armor
傳奇商店
3:12 Loom
16:05 Feudal Age
20:33 Castle Age
25:26 Imperial Age
24:16 Double-Bit Axe
24:31 Fletching
24:42 Padded Archer Armor
26:07 Bow Saw
40:32 Conscription
42:41 Horse Collar
44:17 Bodkin Arrow
44:37 Leather Archer Armor
49:51 Two-Man Saw
AB8
3:11 Loom
13:46 Feudal Age
19:18 Castle Age
17:59 Double-Bit Axe
18:31 Horse Collar
19:39 Bloodlines
22:20 Scale Barding Armor
25:48 Wheelbarrow
29:17 Hand Cart
30:21 Forging
33:08 Fletching
36:46 Imperial Age
34:44 Town Watch
35:11 Scale Mail Armor
36:01 Bodkin Arrow
36:43 Iron Casting
36:15 Husbandry
37:36 Ballistics
37:27 Masonry
38:14 Chain Barding Armor
39:57 Chemistry
40:51 Conscription
41:36 Architecture
40:47 Treadmill Crane
42:48 Blast Furnace
43:18 Squires
43:39 Chain Mail Armor
45:24 Plate Mail Armor
45:30 Plate Barding Armor
45:31 Bracer
45:30 Murder Holes
45:32 Gold Mining
45:33 Stone Mining
46:22 Elite Varangian Guard
47:12 Elite Varangian Guard
51:44 Padded Archer Armor
51:49 Elite Skirmisher
52:46 Leather Archer Armor
53:46 Light Cavalry
54:58 Ring Archer Armor
54:06 Gothikon
55:30 Siege Engineers
56:03 Stone Shaft Mining
55:01 Elite Jarl
AztecKiller2427
4:28 Loom
12:53 Feudal Age
13:24 Double-Bit Axe
15:31 Scale Barding Armor
24:35 Castle Age
23:22 Forging
24:22 Bloodlines
24:20 Scale Mail Armor
24:17 Horse Collar
25:47 Chain Barding Armor
25:29 Husbandry
28:53 Bow Saw
30:32 Wheelbarrow
30:11 Heavy Plow
31:55 Town Watch
32:53 Hand Cart
34:41 Town Patrol
39:22 Imperial Age
40:33 Heavy Scorpion
42:17 Chemistry
42:01 Capped Ram
43:12 Siege Engineers
43:11 Siege Ram
47:01 Gold Mining
mattfalkous
9:02 Loom
13:54 Feudal Age
17:38 Bloodlines
25:55 Castle Age
24:38 Fletching
25:55 Gold Mining
26:06 Double-Bit Axe
27:05 Bodkin Arrow
29:35 Bow Saw
32:46 Ballistics
33:23 Thumb Ring
37:01 Wheelbarrow
43:12 Imperial Age
42:43 Padded Archer Armor
42:51 Pikeman
43:36 Scale Mail Armor
43:47 Forging
44:27 Drill
44:28 Conscription
44:37 Capped Ram
46:48 Bracer
53:24 Leather Archer Armor
60:09 Chemistry
60:41 Gold Shaft Mining
Birkules
3:03 Loom
13:40 Feudal Age
19:54 Castle Age
28:08 Fletching
41:02 Imperial Age
43:26 Imperial Age
43:53 Bodkin Arrow
43:59 Padded Archer Armor
44:59 Wheelbarrow
44:36 Double-Bit Axe
46:52 Cavalier
47:33 Husbandry
49:12 Forging
49:08 Scale Barding Armor
49:20 Bow Saw
51:50 Chivalry
52:11 Conscription
53:24 Hand Cart
53:04 Gold Mining
54:45 Paladin
56:50 Iron Casting
56:35 Chain Barding Armor
57:10 Hoardings
59:06 Blast Furnace
58:20 Light Cavalry
IlikeStone
5:46 Loom
15:09 Feudal Age
15:43 Double-Bit Axe
18:59 Castle Age
20:27 Bow Saw
20:03 Horse Collar
26:16 Wheelbarrow
25:28 Town Watch
26:39 Hand Cart
26:33 Stone Mining
26:38 Gold Mining
33:12 Imperial Age
31:02 Padded Archer Armor
30:54 Fletching
33:21 Ballistics
36:04 Stone Shaft Mining
36:48 Coinage
36:35 Bodkin Arrow
37:48 Chatras
38:32 Banking
39:19 Elite Rattan Archer
39:31 Elite Rattan Archer
40:53 Bracer
41:12 Leather Archer Armor
41:06 Bracer
41:27 Forging
42:56 Ring Archer Armor
42:41 Squires
44:15 Chemistry
44:16 Elite Fire Lancer
47:14 Forging
47:04 Scale Mail Armor
51:29 Hoardings
53:17 Chain Mail Armor
53:37 Iron Casting
54:10 Paper Money
54:52 Plate Mail Armor
El sea
7:03 Loom
14:11 Feudal Age
14:55 Double-Bit Axe
17:01 Forging
16:58 Gold Mining
16:49 Horse Collar
18:01 Wheelbarrow
17:15 Man-at-Arms
18:18 Arson
26:37 Castle Age
27:01 Scale Barding Armor
27:29 Fletching
28:03 Bow Saw
27:28 Elite Skirmisher
35:42 Hand Cart
36:25 Heavy Plow
40:06 Stone Mining
41:22 Stone Shaft Mining
42:36 Chain Barding Armor
42:56 Iron Casting
44:30 Ballistics
44:27 Bodkin Arrow
45:20 Padded Archer Armor
44:53 Light Cavalry
45:43 Bloodlines
45:35 Husbandry
51:18 Imperial Age
51:08 Leather Archer Armor
51:46 Winged Hussar
53:36 Plate Barding Armor
55:43 Chemistry
54:46 Bracer
55:17 Ring Archer Armor
Connection lost

Rejoining the realm…

Still unreachable

The connection could not be restored.

Session expired

The server has moved on; the page needs a fresh start.